 Dungeon Crawl Stone Soup version 0.23.0 (webtiles) character file.

Game seed: 18386524285272783379

2308 bosm the Quickloader (level 9, -2/57 HPs)
             Began as a Kobold Hunter on Feb 11, 2019.
             Was a Follower of Okawaru.
             Shot with a bolt by an orc warrior (7 damage)
             ... in a bailey.
             The game lasted 00:17:33 (7474 turns).

bosm the Quickloader (Kobold Hunter)                Turns: 7474, Time: 00:17:34

Health: -2/57      AC: 13    Str: 12    XL:     9   Next: 68%
Magic:  12/12      EV: 12    Int: 13    God:    Okawaru [*.....]
Gold:   400        SH:  0    Dex: 17    Spells: 8/8 levels left

rFire    . . .     SeeInvis .   w - +0 arbalest
rCold    . . .     Gourm    .   (shield currently unavailable)
rNeg     . . .     Faith    +   n - +3 scale mail
rPois    .         Spirit   .   (no helmet)
rElec    .         Reflect  .   t - +0 cloak
rCorr    .         Harm     .   (no gloves)
MR       .....                  (no boots)
Stlth    +.........             g - amulet of faith (curse)
HPRegen  0.19/turn              p - ring of flight
MPRegen  0.13/turn              (no ring)

@: no status effects
A: small, talons 1, molten scales 1, rugged brown scales 1, agile 1, carnivore
a: Heroism, Renounce Religion, Evoke Flight


You were in a bailey.
You worshipped Okawaru.
Okawaru was aware of your devotion.
You were not hungry.

You visited 2 branches of the dungeon, and saw 8 of its levels.
You also visited: Bailey.

You collected 400 gold pieces.

Inventory:

Hand Weapons
 a - a +0 short sword
 q - a +1 dagger of speed
 w - a +0 arbalest (weapon)
Missiles
 d - 241 bolts (quivered)
Armour
 n - a +3 scale mail (worn)
 t - a +0 cloak (worn)
Jewellery
 g - a cursed amulet of faith (around neck)
 p - a ring of flight (left hand)
Wands
 x - a wand of polymorph (6)
Scrolls
 b - 3 scrolls of teleportation
 i - a scroll of fog
 l - 5 scrolls of remove curse
 m - 3 scrolls of identify
 y - a scroll of immolation
Potions
 c - 2 potions of flight
 e - a potion of mutation
 h - a potion of lignification
 k - a potion of curing
 o - 2 potions of heal wounds
Comestibles
 f - 12 rations


   Skills:
 + Level 6.6 Fighting
 + Level 7.3 Short Blades
 * Level 10.8 Crossbows
 + Level 2.8 Dodging
 - Level 1.3 Stealth
 + Level 4.7 Evocations


You had 8 spell levels left.
You didn't know any spells.
Your spell library contained the following spells:

 Spells                   Type           Power        Failure   Level  Hunger
 Summon Small Mammal      Summ           #...         86%         1    ##.....
 Call Imp                 Summ           #.......     95%         2    ###....
 Call Canine Familiar     Summ           #.......     99%         3    ####...
 Summon Guardian Golem    Hex/Summ       #.......     99%         3    ####...
 Summon Ice Beast         Ice/Summ       #.......     100%        4    #####..
 Summon Lightning Spire   Summ/Air       #.......     100%        4    #####..


Dungeon Overview and Level Annotations

Branches:
Dungeon (7/15)             Temple (1/1) D:4

Altars:
Dithmenos
Elyvilon
Fedhas
Gozag
Kikubaaqudgha
Nemelex Xobeh
Okawaru
Ru
Sif Muna
Trog
Vehumet
Wu Jian
Xom
Yredelemnul
Zin
The Shining One

Shops:
D:6 }

Annotations:
D:5 1 runed translucent door


Innate Abilities, Weirdness & Mutations

You are small and have problems with some larger weapons.
You are carnivorous and can eat meat at any time.
You have sharp toenails.
You are partially covered in molten scales. (AC +2)
You are partially covered in rugged brown scales. (AC +1, +3% HP)
You are agile. (Dex +2)


Message History

The orc warrior is severely wounded.
The orc warrior shoots a bolt.
The bolt hits you!
Firing (i - inventory)
d - 243 bolts (quivered)
Press: ? - help, Shift-Dir - straight line, f/p - orc warrior
Aim: an orc warrior, wielding a +0 arbalest and wearing a cursed +0 scale mail (severely wounded)
You shoot a bolt.
The bolt closely misses the orc warrior.
The orc warrior shoots a bolt.
The bolt hits you.
You are too injured to fight recklessly!
You are too injured to fight recklessly!
The orc warrior shoots a bolt.
The bolt hits you!!
* * * LOW HITPOINT WARNING * * *
You see here 4 bolts.
Firing (i - inventory)
d - 242 bolts (quivered)
Press: ? - help, Shift-Dir - straight line, f/p - orc warrior
Aim: an orc warrior, wielding a +0 arbalest and wearing a cursed +0 scale mail (severely wounded)
You shoot a bolt.
The bolt closely misses the orc warrior.
The orc warrior shoots a bolt.
The bolt hits you!
You die...

########################
........................
........................
.......@(...............
........................
........................
........................
≈≈≈≈≈≈≈≈≈≈≈≈≈≈≈≈≈≈≈≈≈≈≈≈
≈≈#.#≈≈≈≈≈≈≈≈≈≈≈≈≈≈≈≈≈≈≈
≈##.##≈≈≈≈≈≈≈≈≈≈≈≈≈≈≈≈≈#
. .o≈≈≈≈≈≈≈≈≈≈≈≈≈≈≈≈≈.
∩#≈≈≈≈≈≈≈≈≈≈≈≈≈≈≈≈≈#


You could see an orc warrior.

Vanquished Creatures
  Sigmund (D:4)
  Edmund (D:5)
  2 ice beasts
  2 phantoms (D:4)
  Purgy (D:4)
  7 orc warriors
  An ogre (D:6)
  A bullfrog (D:6)
  A howler monkey (D:6)
  2 crimson imps
  2 jellies
  2 hounds
  A centaur skeleton (D:4)
  6 orc wizards
  2 iguanas
  5 worker ants
  A worker ant zombie (D:5)
  5 adders
  An ooze (D:2)
  6 worms
  2 dart slugs
  2 leopard geckos
  23 orcs
  3 giant cockroaches
  8 goblins
  12 hobgoblins
  4 jackals
  A kobold (D:3)
  2 quokkas
  4 ball pythons
  5 bats
  5 frilled lizards
  4 rats
125 creatures vanquished.

Notes
Turn   | Place    | Note
-------+----------+-------------------------------------------
     0 | D:1      | bosm the Kobold Hunter began the quest for the Orb.
     0 | D:1      | Reached XP level 1. HP: 12/12 MP: 1/1
   170 | D:1      | Reached skill level 5 in Crossbows
   210 | D:1      | Reached XP level 2. HP: 17/18 MP: 2/2
   233 | D:1      | Reached skill level 1 in Short Blades
   729 | D:2      | Reached XP level 3. HP: 22/22 MP: 3/3
   912 | D:2      | Reached XP level 4. HP: 17/27 MP: 4/4
  1102 | D:2      | Found a white marble altar of Elyvilon.
  1312 | D:2      | Found a blossoming altar of Fedhas.
  1397 | D:3      | Reached skill level 6 in Crossbows
  1579 | D:3      | Reached XP level 5. HP: 23/32 MP: 5/5
  1612 | D:3      | Found a deep blue altar of Sif Muna.
  1908 | D:4      | Noticed a phantom
  1933 | D:4      | Killed a phantom
  1933 | D:4      | Reached XP level 6. HP: 35/37 MP: 6/6
  2020 | D:4      | Found a staircase to the Ecumenical Temple.
  2047 | D:4      | Noticed Purgy
  2063 | D:4      | Killed Purgy
  2063 | D:4      | Reached skill level 7 in Crossbows
  2454 | D:4      | Reached XP level 7. HP: 11/43 MP: 7/7
  2752 | D:4      | Noticed Sigmund
  2760 | D:4      | Killed Sigmund
  2760 | D:4      | Reached skill level 8 in Crossbows
  3532 | D:5      | Entered Level 5 of the Dungeon
  3733 | D:5      | Reached skill level 5 in Short Blades
  3742 | D:5      | Reached skill level 1 in Evocations
  3742 | D:5      | Reached XP level 8. HP: 39/48 MP: 8/8
  3885 | D:5      | Noticed Edmund
  3958 | D:5      | Killed Edmund
  3958 | D:5      | Reached skill level 5 in Fighting
  4208 | D:5      | Found a runed translucent door.
  4208 | D:5      | Noticed a human
  4213 | D:5      | Found a basalt altar of Yredelemnul.
  4456 | Temple   | Entered the Ecumenical Temple
  4505 | Temple   | Became a worshipper of Warmaster Okawaru
  4534 | D:5      | Reached skill level 9 in Crossbows
  4711 | D:5      | Found a white marble altar of Elyvilon.
  4810 | D:6      | Gained mutation: You have sharp toenails. [potion of
                  | mutation]
  4810 | D:6      | Gained mutation: You are partially covered in rugged brown
                  | scales. (AC +1, +3% HP) [potion of mutation]
  4810 | D:6      | Gained mutation: You are agile. (Dex +2) [potion of
                  | mutation]
  4810 | D:6      | Gained mutation: You are partially covered in molten
                  | scales. (AC +2) [potion of mutation]
  4925 | D:6      | Found Paeg's Gadget Boutique.
  5223 | D:6      | Reached * piety under Okawaru
  5290 | D:6      | Reached XP level 9. HP: 56/56 MP: 11/11
  5478 | D:6      | Found a bloodstained altar of Trog.
  5506 | D:6      | Reached skill level 10 in Crossbows
  5654 | D:7      | Found a flagged portal.
  5674 | Bailey   | Entered a bailey
  7474 | Bailey   | Shot with a bolt by an orc warrior

Skill      XL: |  1  2  3  4  5  6  7  8  9 |
---------------+----------------------------+-----
Crossbows      | 5 6 7 8 9 10 | 10.8
Short Blades   | 1 2 3 4 5 6 7 |  7.3
Fighting       | 3 4 5 6 |  6.6
Evocations     | 1 3 4 |  4.7
Dodging        | |  2.8
Stealth        | |  1.3

Action                   |  1- 3 |  4- 6 |  7- 9 || total
-------------------------+-------+-------+-------++-------
Melee: Short sword       |    81 |   133 |    94 ||   308
       Hand crossbow     |       |     1 |       ||     1
       Dagger            |       |       |    81 ||    81
       Kick              |       |       |    31 ||    31
 Fire: Hand crossbow     |    13 |    82 |   143 ||   238
       Arbalest          |       |       |    70 ||    70
Invok: Heroism           |       |       |     4 ||     4
 Abil: Evoke Flight      |       |       |     3 ||     3
  Use: Scroll            |       |       |    10 ||    10
       Potion            |       |       |     8 ||     8
  Eat: Chunk             |     4 |     9 |    11 ||    24
Armor: Ring mail         |    36 |    23 |       ||    59
       Leather armour    |     3 |       |       ||     3
       Scale mail        |       |    34 |    41 ||    75
       Skin              |       |       |    31 ||    31
Dodge: Dodged            |    69 |    97 |   107 ||   273
